 Dungeon Crawl Stone Soup version 0.31-a0-435-g2c6fae2916 (webtiles) character file.

Game seed: 12968264119673585098

55 floatRand the Grasshopper (level 3, 0/36 HPs)
             Began as an Ogre Warper on Aug 1, 2023.
             Slain by an adder (1 damage)
             ... on level 2 of the Dungeon.
             The game lasted 00:02:30 (1330 turns).

floatRand the Grasshopper (Ogre Warper)             Turns: 1330, Time: 00:02:30

Health: 0/36       AC:  3    Str: 17    XL:     3   Next: 93%
Magic:  6/6        EV:  9    Int: 14    God:
Gold:   42         SH:  0    Dex:  8    Spells: 1/6 levels left

rFire   . . .        a - +0 mace
rCold   . . .        (no shield)
rNeg    . . .        b - +0 robe
rPois   .            (helmet restricted)
rElec   .            (no cloak)
rCorr   .            (gloves unavailable)
SInv    +            (boots unavailable)
Will    .....        (no amulet)
Stlth   +            e - ring of flight
HPRegen 0.26/turn    o - ring of see invisible
MPRegen 0.10/turn

%: no passive effects
@: flying
A: large, unfitting armour, tough skin 1
a: no special abilities


You were on level 2 of the Dungeon.
You visited 1 branch of the dungeon, and saw 2 of its levels.

You collected 42 gold pieces.

Inventory:

Hand Weapons
 a - a +0 mace (weapon)
Missiles
 d - 7 darts of dispersal (quivered)
 g - 10 poisoned darts
Armour
 b - a +0 robe (worn)
Jewellery
 e - a ring of flight (left hand)
 o - a ring of see invisible (right hand)
Scrolls
 c - a scroll of blinking
 j - 2 scrolls of poison {unknown}
 m - a scroll of amnesia {unknown}
 n - a scroll of fog {unknown}
 p - a scroll of identify {unknown}
 q - a scroll of teleportation {unknown}
Potions
 f - 3 potions of curing {unknown}
 h - a potion of ambrosia {unknown}
 i - a potion of attraction {unknown}
 k - a potion of degeneration {unknown}
 l - a potion of lignification {unknown}


   Skills:
 - Level 2.6 Fighting
 * Level 2.9 Maces & Flails
 - Level 1.0 Throwing
 - Level 2.1 Dodging
 - Level 2.4 Spellcasting
 * Level 3.5 Translocations


You had one spell level left.
You knew the following spells:

 Your Spells              Type           Power      Damage    Failure   Level
a - Blink                 Tloc           22%        N/A       8%          2
b - Teleport Other        Tloc           11%        N/A       16%         3

Your spell library contained the following spells:

 Spells                   Type           Power      Damage    Failure   Level
 Lesser Beckoning         Tloc           22%        N/A       8%          2
 Vhi's Electric Charge    Tloc/Air       12%        N/A       32%         3
 Manifold Assault         Tloc           11%        N/A       45%         4


Dungeon Overview and Level Annotations

Branches:
Dungeon (2/15)

Altars:


Innate Abilities, Weirdness & Mutations

You are too large for most types of armour.
You have tough skin. (AC +1)


Message History

The orc priest hits you with a +0 hand axe.
You hit the orc priest.
The orc priest is lightly wounded.
The orc priest hits you with a +0 hand axe.
An adder comes into view.
Unknown command.
The adder hisses angrily.
You hit the orc priest.
The orc priest is moderately wounded.
The bat hits you but does no damage. The orc priest barely misses you.
Unknown command.
Unknown command.
You hit the orc priest.
The orc priest is severely wounded.
The bat hits you but does no damage.
The orc priest hits you with a +0 hand axe.
Unknown command.
Unknown command.
You hit the orc priest but do no damage.
The orc priest is severely wounded.
The bat closely misses you. x2; The adder misses you.
The orc priest closely misses you. The bat closely misses you.
The adder bites you but does no damage.
The orc priest hits you with a +0 hand axe.
Unknown command.
Unknown command.
You hit the orc priest.
The orc priest is almost dead.
The bat hits you. The adder bites you.
The orc priest invokes the aid of Beogh against you.
Beogh smites you!
* * * LOW HITPOINT WARNING * * *
Unknown command.
Unknown command.
You hit the orc priest.
You kill the orc priest!
The bat hits you.
* * * LOW HITPOINT WARNING * * *
The bat closely misses you. The adder bites you.
You die...

####.#
#.##.####.........#
........[.........#
.
#..#.####.........#
##. ##.#.......
.....#... #....##
.(..#.# ###..#
b....# ##.## #)S.#
#..# ##@.#
##..##### ####..b#
#.......# #....#.#
##.#.###.###.####.#
...#.# #...[.# .#
.###.# #####.# !# #
#.# #... .# ####.#
#.### .# ...#.##
..# .#


You could see an adder and 2 bats.

Vanquished Creatures
  An orc priest (D:2)
  An adder (D:1)
  2 dart slugs (D:1)
  A bat (D:1)
  4 endoplasms
  2 giant cockroaches (D:2)
  4 hobgoblins
  4 jackals (D:1)
  5 quokkas
  2 ball pythons
  A frilled lizard (D:1)
  4 goblins
  2 kobolds (D:1)
  4 rats (D:1)
37 creatures vanquished.

Notes
Turn   | Place    | Note
-------+----------+-------------------------------------------
     0 | D:1      | floatRand the Ogre Warper began the quest for the Orb.
     0 | D:1      | Reached XP level 1. HP: 22/22 MP: 3/3
    93 | D:1      | Reached skill level 3 in Translocations
    93 | D:1      | Reached XP level 2. HP: 12/29 MP: 5/5
   431 | D:1      | Reached XP level 3. HP: 35/36 MP: 6/6
   664 | D:1      | Learned a level 2 spell: Blink
   668 | D:1      | Learned a level 3 spell: Teleport Other
  1330 | D:2      | HP: 1/36 [bat (1)]
  1330 | D:2      | Slain by an adder

Illustrated notes

Levels and vault maps discovered:
D:1:      scummos_arrival_forest, layout_basic, minmay_pentomino_w4
D:2:      layout_rooms, serial_rivers, chequers_serial_rivers_room_b,
          chequers_serial_rivers_micro_e, chequers_serial_rivers_micro_e,
          chequers_serial_rivers_small_a

Skill      XL: |  1 |
---------------+----+-----
Maces & Flails | 2 |  2.9
Translocations | 3 |  3.5
Fighting       | |  2.6
Throwing       | |  1.0
Dodging        | |  2.1
Spellcasting   | |  2.4

Action                     || total
---------------------------++-------
  Melee: Mace              ||   146
         Punch             ||     2
   Stab: Sleeping          ||     1
 Armour: Robe              ||    75
  Dodge: Dodged            ||    89

Table legend: (Time is in decaauts)
 A = Elapsed time spent in this place.
 B = Non-inter-level travel time spent in this place.
 C = Inter-level travel time spent in this place.
 D = Time resting spent in this place.
 E = Time spent auto-exploring this place.
 F = Levels seen in this place.
 G = Mean time per level.
                   A        B        C        D        E       F      G
               +--------+--------+--------+--------+--------+-----+--------+
         Total |   1369 |   1336 |     33 |    265 |    637 |   2 |  684.5 |
       Dungeon |   1369 |   1336 |     33 |    265 |    637 |   2 |  684.5 |
               +--------+--------+--------+--------+--------+-----+--------+

Top non-repeatable levels by time:
     D:1: 1092 daAuts
     D:2: 277 daAuts
